 Dungeon Crawl Stone Soup version 0.30-a0-739-gea05faddec (webtiles) character file.

Game seed: 2703106434706329882

95 jimonade the Magician (level 4, -9/31 HPs)
             Began as a Djinni Hedge Wizard on Feb 4, 2023.
             Mangled by Natasha (11 damage)
             ... on level 2 of the Dungeon.
             The game lasted 00:03:11 (1614 turns).

jimonade the Magician (Djinni Hedge Wizard)         Turns: 1614, Time: 00:03:12

Health: -9/31      AC:  2    Str: 11    XL:     4   Next: 95%
Gold:   69         EV: 12    Int: 16    God:
                   SH:  0    Dex: 12

rFire   + + .      SeeInvis .    a - +0 dagger (freeze)
rCold   x . .      Faith    .    (no shield)
rNeg    . . .      Spirit   .    b - +0 robe
rPois   ∞          Reflect  .    c - +0 hat
rElec   .          Harm     .    (no cloak)
rCorr   .          Rampage  .    (no gloves)
Will    .....                    (boots unavailable)
Stlth   ++                       (no amulet)
HPRegen 0.25/turn                (no ring)
MPRegen 0.00/turn                (no ring)

@: flying
A: sickness immunity, fire resistance 2, cold vulnerability 1, float, innate
caster, HP casting, extra vitality 1
a: no special abilities


You were on level 2 of the Dungeon.
You visited 1 branch of the dungeon, and saw 2 of its levels.

You collected 69 gold pieces.

Inventory:

Hand Weapons
 a - a +0 dagger of freezing (weapon)
 g - a +0 dagger
Armour
 b - a +0 robe (worn)
 c - a +0 hat (worn)
 f - a +0 ring mail
 j - a +0 leather armour
Scrolls
 h - 2 scrolls of identify {unknown}
 o - a scroll of teleportation {unknown}
 p - a scroll of brand weapon {unknown}
Potions
 d - a potion of magic
 e - a potion of lignification {unknown}
 i - 2 potions of might
 k - a potion of curing {unknown}
 l - a potion of mutation {unknown}
 m - a potion of brilliance {unknown}
 n - a potion of berserk rage {unknown}


   Skills:
 + Level 2.7 Dodging
 - Level 1.5 Stealth
 * Level 3.9 Spellcasting


You couldn't memorise any spells.
You knew the following spells:

 Your Spells              Type           Power      Damage    Failure   Level
a - Magic Dart            Conj           60%        1d6       3%          1
b - Slow                  Hex            60%        N/A       3%          1
c - Blink                 Tloc           30%        N/A       4%          2
d - Call Imp              Summ           15%        N/A       4%          2
e - Mephitic Cloud        Conj/Pois/Air  15%        N/A       10%         3
f - Sting                 Tmut/Pois      60%        1d6       3%          1
Your spell library was empty.

Dungeon Overview and Level Annotations

Branches:
Dungeon (2/15)

Altars:

Annotations:
D:2 Natasha


Innate Abilities, Weirdness & Mutations

You are immune to sickness and miasma.
You are immune to poison.
Your flesh is very heat resistant. (rF++)
You are vulnerable to cold. (rC-)
You float through the air rather than walking.
You learn spells naturally, not from books.
Your magical power is your life essence.
You have superior vitality. (+4 MHP)


Message History

The magic dart hits the hobgoblin.
The hobgoblin is severely wounded.
The magic dart hits the hobgoblin.
You kill the hobgoblin!
You can't see any susceptible monsters within range! (Use Z to cast anyway.)
Found a glowing brown potion.
Found a club.
You now have 69 gold pieces (gained 10).
Natasha, Servant of Life and Death comes into view.
Natasha hisses angrily.
The magic dart hits Natasha.
Natasha is lightly wounded.
Natasha drinks a potion.
Natasha seems to grow stronger.
Natasha claws you!
You miss Natasha.
Natasha is lightly wounded.
Natasha closely misses you.
You barely miss Natasha.
Natasha is lightly wounded.
Natasha claws you but does no damage.
You closely miss Natasha.
Natasha is lightly wounded.
Natasha claws you!
You hit Natasha. You freeze Natasha.
Natasha is moderately wounded.
Natasha growls.
Natasha claws you.
* * * LOW HITPOINT WARNING * * *
You are too injured to fight recklessly!
You closely miss Natasha.
Natasha is moderately wounded.
Natasha closely misses you.
You barely miss Natasha.
Natasha is moderately wounded.
Natasha claws you!
* * * LOW HITPOINT WARNING * * *
You hit Natasha but do no damage.
Natasha is lightly wounded.
Natasha claws you!
You die...

...##.......# #...
...........#######'#
#.........+........
#........######... ###
#..†....# #... ....
+.......# #...
##..###.......# ####...
+............####†.†..#
.####@.........†.....#
......h."...........)..#
........#..............#
.#..#####..........#####
... #...######## ..
......# . ......#
<[.....


You could see Natasha (strong).

Vanquished Creatures
  An iguana (D:2)
  3 adders (D:2)
  A worm (D:2)
  3 dart slugs (D:1)
  2 endoplasms
  A giant cockroach (D:1)
  3 goblins (D:1)
  6 hobgoblins
  4 kobolds
  3 quokkas (D:1)
  A bat (D:2)
  3 frilled lizards (D:1)
  4 rats
35 creatures vanquished.

Notes
Turn   | Place    | Note
-------+----------+-------------------------------------------
     0 | D:1      | jimonade the Djinni Hedge Wizard began the quest for the
                  | Orb.
     0 | D:1      | jimonade set off with the following spells memorised: Magic
                  | Dart, Slow, Blink, Call Imp, Mephitic Cloud.
     0 | D:1      | Reached XP level 1. HP: 15/15 MP: 0/0
   115 | D:1      | Reached XP level 2. HP: 18/21 MP: 0/0
   277 | D:1      | Reached skill level 3 in Spellcasting
   370 | D:1      | Reached XP level 3. HP: 22/25 MP: 0/0
   370 | D:1      | Learned a level 1 spell: Sting
  1236 | D:2      | Reached XP level 4. HP: 6/31 MP: 0/0
  1603 | D:2      | Noticed Natasha
  1614 | D:2      | Mangled by Natasha

Illustrated notes

Levels and vault maps discovered:
D:1:      amcnicky_arrival_underground_garden, layout_basic,
          minmay_misc_feat_cross, minmay_misc_feat_four_crosses,
          chequers_serial_rivers_small_a
D:2:      layout_basic, basic_altar, uniq_natasha

Skill      XL: |  1  2 |
---------------+-------+-----
Spellcasting   | 3 |  3.9
Dodging        | |  2.7
Stealth        | |  1.5

Action                     |  1- 3 |  4- 6 || total
---------------------------+-------+-------++-------
  Melee: Dagger            |     7 |    13 ||    20
   Cast: Magic Dart        |    70 |    30 ||   100
 Armour: Robe              |     2 |     1 ||     3
  Dodge: Dodged            |    11 |     3 ||    14

Table legend: (Time is in decaauts)
 A = Elapsed time spent in this place.
 B = Non-inter-level travel time spent in this place.
 C = Inter-level travel time spent in this place.
 D = Time resting spent in this place.
 E = Time spent auto-exploring this place.
 F = Levels seen in this place.
 G = Mean time per level.
                   A        B        C        D        E       F      G
               +--------+--------+--------+--------+--------+-----+--------+
         Total |   1613 |   1563 |     50 |      0 |   1325 |   2 |  806.5 |
       Dungeon |   1613 |   1563 |     50 |      0 |   1325 |   2 |  806.5 |
               +--------+--------+--------+--------+--------+-----+--------+

Top non-repeatable levels by time:
     D:1: 1139 daAuts
     D:2: 473 daAuts
